 Dungeon Crawl Stone Soup version 0.20.1-1-g8b1a95d (webtiles) character file.

1554 polly the Conjurer (level 8, -4/32 HPs)
             Began as a Felid Conjurer on Dec 13, 2017.
             Was an Initiate of Sif Muna.
             Slain by a hog (12 damage)
             ... on level 6 of the Dungeon.
             The game lasted 00:32:38 (10806 turns).

polly the Conjurer (Felid Conjurer)                Turns: 10806, Time: 00:32:39

Health: -4/32      AC:  6    Str:  4    XL:     8   Next: 57%
Magic:  7/18       EV: 21    Int: 19    God:    Sif Muna [......]
Gold:   454        SH:  0    Dex: 20    Spells: 17/22 levels left
                                        Lives:  0   Deaths: 2

rFire    . . .     SeeInvis +     - Unarmed
rCold    . . .     Gourm    .   (shield unavailable)
rNeg     . . .     Faith    .   (armour unavailable)
rPois    .         Spirit   .   (helmet unavailable)
rElec    .         Reflect  .   (cloak unavailable)
rCorr    .         Harm     .   (gloves unavailable)
MR       +....                  (boots unavailable)
Stlth    +++.......             h - amulet of rage
Regen    0.1/turn               i - +4 ring of dexterity
MPRegen  0.2/turn               (no ring)

@: quick
A: no armour, no weapons or thrown items, stealth, claws 1, fangs 3, thin
metallic scales 1, yellow scales 1, see invisible, carnivore 3, speed 1, low mp
1, shaggy fur 2, slow metabolism 1, sharp paws
a: Renounce Religion, Evoke Berserk Rage


You were on level 6 of the Dungeon.
You worshipped Sif Muna.
Sif Muna was noncommittal.
You were very full.

You visited 1 branch of the dungeon, and saw 7 of its levels.

You collected 454 gold pieces.

Inventory:

Jewellery
 h - an amulet of rage (around neck)
 i - a +4 ring of dexterity (left paw)
 l - an uncursed ring of fire
 y - an uncursed ring of fire
 C - a cursed amulet of inaccuracy {unknown}
 D - an uncursed amulet of the gourmand {unknown}
Wands
 c - a wand of acid (6/15)
 m - a wand of flame (0/48)
 B - a wand of random effects (25/48)
Scrolls
 d - a scroll of immolation
 e - a scroll of random uselessness {unknown}
 f - 2 scrolls of enchant weapon {unknown}
 j - a scroll of identify
 n - 4 scrolls of recharging
 p - a scroll of teleportation {unknown}
 q - 6 scrolls of remove curse
 r - a scroll of enchant armour {unknown}
 w - 2 scrolls of amnesia {unknown}
 x - 5 scrolls of magic mapping
 A - 2 scrolls of blinking
Potions
 g - a potion of haste {unknown}
 k - a potion of resistance {unknown}
 s - 3 potions of mutation
 t - a potion of brilliance {unknown}
 u - 2 potions of heal wounds
 v - a potion of agility
 z - a potion of lignification {unknown}
Books
 a - a book of Conjurations

   Spells                             Type                      Level
   a - Magic Dart                     Conjuration                  1
   b - Searing Ray                    Conjuration                  2
   c - Dazzling Spray                 Conjuration/Hexes            3
   d - Fulminant Prism                Conjuration/Hexes            4
   e - Force Lance                    Conjuration/Translocation    4
   f - Iskenderun's Mystic Blast      Conjuration                  4
Comestibles
 b - 4 meat rations
 o - 2 royal jellies


   Skills:
 + Level 1.2 Fighting
 + Level 4.9 Dodging
 + Level 4.2 Stealth
 + Level 2.2 Unarmed Combat
 + Level 7.5 Spellcasting
 + Level 7.6 Conjurations
 + Level 2.1 Evocations


You had 17 spell levels left.
You knew the following spells:

 Your Spells              Type           Power        Failure   Level  Hunger
a - Magic Dart            Conj           ####         1%          1    None
b - Iskenderun's Mystic   Conj           #####...     4%          4    ###....


Dungeon Overview and Level Annotations

Branches:
Dungeon (7/15)
 Temple: D:4-7

Altars:
Cheibriados
Makhleb
Sif Muna

Annotations:
D:7 1 runed door


Innate Abilities, Weirdness & Mutations

You cannot wear armour.
You are incapable of wielding weapons or throwing items.
Your paws allow you to move quietly. (Stealth)
You have sharp claws.
You have razor-sharp teeth.
You have supernaturally acute eyesight. (SInv)
You are carnivorous and can eat meat at any time.
You cover ground quickly.
You are covered in thick fur. (AC +2)
You have a slow metabolism.
Your sharp claws are effective at attacking unaware monsters.
You are partially covered in thin metallic scales. (AC +2)
You are partially covered in yellow scales. (AC +2)
Your magical capacity is low. (-10% MP)


Message History

Confirm with . or Enter, or press ? or * to list all spells.
Aiming: Magic Dart
Press: ? - help, Shift-Dir - straight line, f/p - hog
Aim: a hog (almost dead)
The magic dart hits the hog.
You kill the hog!
Sif Muna accepts your kill. The hog barely misses you.
The hog barely misses you.
There is an open door here.
There is a stone staircase leading up here.
You can't go down here!
The hog bites you!
You climb upwards.
There is a stone staircase leading down here.
The hog bites you.
* * * LOW HITPOINT WARNING * * *
The hog misses you. The hog bites you!
You die...

#.....# #.#.#.###....# #.#.#
#.....# #.#..........# #.#.#
#.....#######.###.###....# #.#.#
#.................# #.#######.#.#
.....#(#.#.#....#####.=.........#
#...............#...............#
.....#.#.#.#..#.....#...........#
.............##......(....#.#.#.#
.#...#.#.#.#..#h@..........<#.#.#
....................#.#######.#.#
.....#.#.#.#.##...............#.#
.............##.#.###.#########.#
..........#.#...#..##...........#
............#.................^..
..#.....................#########
..#.....^.####..........#...##...
.......############.#.#.#.#.##.##


You could see a hog.

Vanquished Creatures
  Pikel (D:3)
  Grinder (D:4)
  A hog (D:7)
  A human (D:7)
  A phantom (D:5)
  2 slaves (D:4)
  The ghost of antares the Ruffian, an amateur DrTm (D:4)
  An ogre (D:4)
  2 crimson imps
  2 jellies
  2 bullfrog zombies
  5 orc wizards
  3 hounds
  2 orc priests (D:4)
  2 centaur skeletons
  An iguana (D:3)
  6 worker ants
  2 hound skeletons (D:6)
  A howler monkey zombie (D:5)
  8 adders
  7 gnolls
  2 oozes
  4 worms
  6 leopard geckos
  29 orcs
  5 ball pythons
  3 giant cockroaches
  13 goblins
  11 hobgoblins
  12 jackals
  2 quokkas (D:4)
  8 bats
  7 frilled lizards
  A jackal skeleton (D:4)
  3 kobolds
  7 rats
165 creatures vanquished.

Vanquished Creatures (others)
  A slave (D:4)
  An orc wizard (D:4)
  An orc (D:4)
3 creatures vanquished.

Grand Total: 168 creatures vanquished

Notes
Turn   | Place    | Note
-------+----------+-------------------------------------------
     0 | D:1      | polly the Felid Conjurer began the quest for the Orb.
     0 | D:1      | Reached XP level 1. HP: 7/7 MP: 4/4
   181 | D:1      | Reached XP level 2. HP: 11/11 MP: 0/6
  1005 | D:2      | Reached XP level 3. HP: 14/14 MP: 2/7
  2252 | D:2      | Reached XP level 4. HP: 18/18 MP: 1/9
  3125 | D:3      | Reached XP level 5. HP: 21/21 MP: 2/10
  4207 | D:4      | You fall through a shaft for 3 floors!
  4298 | D:7      | Slain by a bullfrog
  4299 | D:7      | Reached XP level 4. HP: -1/18 MP: 9/10
  4434 | D:5      | Entered Level 5 of the Dungeon
  4498 | D:4      | Noticed a slave
  4498 | D:4      | Noticed a slave
  4597 | D:4      | Killed a slave
  4783 | D:4      | Found a burning altar of Makhleb.
  4784 | D:4      | Found a snail-covered altar of Cheibriados.
  4861 | D:4      | Noticed antares's ghost (amateur DrTm)
  4868 | D:4      | Reached XP level 5. HP: 3/21 MP: 8/11
  4873 | D:4      | Gained mutation: You are partially covered in thin metallic scales. (AC +2) [potion of mutation]
  4873 | D:4      | Gained mutation: Your magical capacity is low. (-10% MP) [potion of mutation]
  4873 | D:4      | Gained mutation: You are partially covered in yellow scales. (AC +2) [potion of mutation]
  4874 | D:4      | HP: 1/21 [poisoned by an adder]
  5220 | D:4      | Noticed a slave
  5222 | D:4      | Noticed Pikel
  5226 | D:4      | Noticed a slave
  5227 | D:4      | Killed antares's ghost
  5227 | D:4      | Reached skill level 5 in Conjurations
  5387 | D:3      | Gained mutation: You are covered in thick fur. (AC +2) [Felid growth]
  5387 | D:3      | Reached XP level 6. HP: 12/25 MP: 0/11
  5765 | D:4      | Learned a level 4 spell: Iskenderun's Mystic Blast
  5909 | D:4      | Noticed Grinder
  5926 | D:4      | Killed Grinder
  5926 | D:4      | Reached skill level 1 in Unarmed Combat
  5926 | D:4      | Reached skill level 1 in Evocations
  5926 | D:4      | Reached XP level 7. HP: 28/28 MP: 0/13
  7616 | D:3      | Killed Pikel
  7616 | D:3      | Reached skill level 1 in Fighting
  7616 | D:3      | Reached skill level 5 in Spellcasting
  7616 | D:3      | Reached XP level 8. HP: 32/32 MP: 0/16
  7863 | D:4      | Killed from afar by an orc priest
  7864 | D:4      | Reached XP level 7. HP: -1/28 MP: 8/15
  9911 | D:6      | Reached XP level 8. HP: 32/32 MP: 7/17
 10527 | D:6      | Found a deep blue altar of Sif Muna.
 10542 | D:6      | Became a worshipper of Sif Muna the Loreminder
 10686 | D:7      | Found a runed door.
 10806 | D:6      | Slain by a hog

Skill      XL: |  1  2  3  4  5  6  7  8 |
---------------+-------------------------+-----
Conjurations   | 4 5 7 |  7.6
Dodging        | 3 4 |  4.9
Stealth        | 3 4 |  4.2
Spellcasting   | 3 4 5 7 |  7.5
Unarmed Combat | 1 2 |  2.2
Evocations     | 1 2 |  2.1
Fighting       | 1 |  1.2

Action                   |  1- 3 |  4- 6 |  7- 9 || total
-------------------------+-------+-------+-------++-------
Melee: Unarmed           |     3 |    44 |    30 ||    77
       Bite              |       |     6 |     8 ||    14
       Punch             |       |     1 |       ||     1
 Cast: Magic Dart        |   106 |   212 |   230 ||   548
       Iskenderun's Myst |       |     2 |    35 ||    37
Evoke: Wand              |       |     5 |     4 ||     9
  Use: Potion            |       |     6 |       ||     6
       Scroll            |       |     2 |     4 ||     6
 Stab: Sleeping          |     1 |     8 |       ||     9
  Eat: Chunk             |     5 |     8 |    19 ||    32
Armor: Skin              |     2 |     8 |    11 ||    21
Dodge: Dodged            |    35 |   100 |    74 ||   209
